Map: Prion Terraces

Players

zod - Winner!

  • Race: Protoss Protoss
  • League: Silver

Kaption

  • Race: Protoss Protoss
  • League: Bronze

VOD

Have the link to the VOD?

Description

Time

  • Played on: Jan. 20, 2016, 2:01 p.m.
  • Length: 5:36
Show
View Real Time Build Order
Export as new Build Order

zod Protoss - Winner!

Build Orders: 1 Gate Expand 

Get SALT Encoding   

  12  0:01  Probe (Chrono Boost)  
  13  0:11  Probe (Chrono Boost)  
  14  0:19  Pylon  
  14  0:22  Probe (Chrono Boost)  
  15  0:37  Probe (Chrono Boost)  
  15  0:42  Gateway  
  16  0:48  Probe (Chrono Boost), Assimilator  
  17  0:58  Probe (Chrono Boost)  
  18  1:09  Probe (Chrono Boost)  
  19  1:34  Nexus  
  19  1:49  Probe (Chrono Boost)  
  20  1:57  Zealot  
  20  2:04  Probe (Chrono Boost)  
  20  2:11  Gateway  
  20  2:13  Cybernetics Core  
  20  2:21  Assimilator  
  20  2:27  Pylon  
  20  2:36  Pylon  
  20  2:43  Warp Gate (Chrono Boost)  
  20  2:45  Probe (Chrono Boost)  
  20  2:56  Probe (Chrono Boost)  
  20  3:12  Probe  
  20  3:14  Probe  
  20  3:15  Stargate  
  20  3:16  Assimilator  
  20  3:21  Assimilator  
  20  3:23  Probe  
  20  3:33  Probe  
  20  3:37  Adept (Chrono Boost)  
  20  3:40  Adept (Chrono Boost)  
  20  3:55  Pylon  
  20  3:57  Pylon  
  20  3:59  Pylon  
  20  4:03  Probe x2  
  20  4:13  Oracle  
  20  4:22  Gateway  
  20  4:25  Gateway  
  20  4:30  Gateway  
  20  4:50  Stalker x2  
  20  4:56  Oracle  
  20  5:16  Stalker  
  20  5:17  Stalker  
  20  5:26  Stalker  
  20  5:27  Stalker  
Show
View Real Time Build Order
Export as new Build Order

Kaption Protoss 

Build Orders:  

Get SALT Encoding   

  12  0:01  Probe (Chrono Boost)  
  13  0:11  Probe (Chrono Boost)  
  14  0:19  Pylon  
  14  0:22  Probe (Chrono Boost)  
  15  0:39  Probe (Chrono Boost), Forge  
  16  0:49  Probe (Chrono Boost)  
  17  1:00  Probe (Chrono Boost)  
  18  1:11  Pylon  
  18  1:17  Pylon  
  18  1:18  Pylon  
  18  1:45  Photon Cannon  
Tags
 
Add a new tag
Caveats
  • Supply blocks, unpowered buildings, or Contaminate may cause inaccurate times.
  • Supply counts are checked every 10 seconds.